Map: Frozen Temple

Players

TopBitard - Winner!

  • Race: Zerg Zerg
  • League: Silver

Gracz

  • Race: Protoss Protoss
  • League: Silver

VOD

Have the link to the VOD?

Description

Time

  • Played on: Oct. 2, 2016, 9:58 a.m.
  • Length: 5:36
Show
View Real Time Build Order
Export as new Build Order

TopBitard Zerg - Winner!

Build Orders: Pool Only 

Get SALT Encoding   

  12  0:01  Drone  
  13  0:08  Drone  
  14  0:17  Overlord  
  14  0:22  Extractor  
  14  0:24  Drone  
  14  0:36  Drone x2  
  16  0:49  Spawning Pool  
  15  0:52  Drone  
  16  1:03  Drone  
  17  1:08  Drone  
  18  1:19  Drone  
  19  1:29  Overlord  
  19  1:36  Metabolic Boost  
  19  1:37  Queen  
  21  1:40  Zergling x2  
  22  1:50  Zergling x2  
  23  1:55  Baneling Nest  
  23  2:00  Zergling x2  
  23  2:11  Zergling x2  
  24  2:22  Zergling x2  
  25  2:34  Zergling x2  
  26  2:47  Zergling x4  
  26  2:48  Zergling x4  
  30  3:24  Overlord x2  
  30  3:53  Zergling x6  
  33  4:01  Zergling x6  
  31  4:32  Queen  
  31  4:35  Zergling x8  
Show
View Real Time Build Order
Export as new Build Order

Gracz Protoss 

Build Orders:  

Get SALT Encoding   

  12  0:08  Probe (Chrono Boost)  
  13  0:22  Pylon  
  13  0:24  Probe (Chrono Boost)  
  14  0:32  Pylon  
  14  0:35  Probe (Chrono Boost)  
  15  0:45  Probe (Chrono Boost)  
  15  0:48  Gateway  
  17  0:57  Probe (Chrono Boost)  
  17  1:07  Probe (Chrono Boost)  
  18  1:17  Assimilator  
  18  1:18  Probe (Chrono Boost)  
  19  1:26  Gateway  
  19  1:28  Probe (Chrono Boost)  
  20  1:35  Gateway  
  20  1:39  Probe (Chrono Boost)  
  21  1:43  Cybernetics Core  
  21  1:49  Probe (Chrono Boost)  
  21  1:52  Assimilator  
  22  2:06  Probe (Chrono Boost)  
  23  2:10  Gateway  
  23  2:15  Gateway  
  23  2:28  Stalker  
  25  2:34  Stalker  
  27  2:58  Sentry  
  29  3:02  Stalker  
  12  3:26  Nexus  
  1  4:49  Probe (Chrono Boost)  
  2  5:01  Probe (Chrono Boost)  
  3  5:18  Probe (Chrono Boost)  
Tags
 
Add a new tag
Caveats
  • Supply blocks, unpowered buildings, or Contaminate may cause inaccurate times.
  • Supply counts are checked every 10 seconds.